 Dungeon Crawl Stone Soup version 0.30-b1-2-g02819fbbbe (webtiles) character file.

Game seed: 17460922878352372506

87 raph the Magician (level 4, -5/30 HPs)
             Began as a Human Hedge Wizard on May 13, 2023.
             Blown up by Ijyb (20 damage)
             ... with a mindburst bolt
             ... on level 3 of the Dungeon.
             The game lasted 00:04:57 (2448 turns).

raph the Magician (Human Hedge Wizard)              Turns: 2448, Time: 00:04:58

Health: -5/30      AC:  3    Str: 11    XL:     4   Next: 80%
Magic:  1/9        EV: 12    Int: 16    God:
Gold:   77         SH:  0    Dex: 12    Spells: 3/9 levels left

rFire   . . .        h - +4 whip
rCold   . . .        (no shield)
rNeg    . . .        b - +0 robe
rPois   .            n - +0 helmet
rElec   .            (no cloak)
rCorr   .            (no gloves)
SInv    .            (no boots)
Will    .....        (no amulet)
Stlth   ++           (no ring)
HPRegen 0.25/turn    (no ring)
MPRegen 0.11/turn

%: no passive effects
@: no status effects
A: no striking features
a: no special abilities


You were on level 3 of the Dungeon.
You visited 1 branch of the dungeon, and saw 3 of its levels.

You collected 77 gold pieces.

Inventory:

Hand Weapons
 a - a +0 dagger
 h - a +4 whip (weapon)
Armour
 b - a +0 robe (worn)
 c - a +0 hat
 n - a +0 helmet (worn)
Scrolls
 e - a scroll of immolation
 j - a scroll of teleportation
Potions
 d - a potion of magic
 f - 3 potions of curing
 g - a potion of brilliance
 i - a potion of attraction {unknown}
 k - a potion of might {unknown}
 l - a potion of lignification {unknown}
 m - a potion of ambrosia {unknown}


   Skills:
 - Level 2.4 Dodging
 - Level 2.2 Stealth
 + Level 3.3 Spellcasting
 * Level 2.4 Conjurations
 * Level 2.3 Summonings
 - Level 1.1 Translocations


You had 3 spell levels left.
You knew the following spells:

 Your Spells              Type           Power      Damage    Failure   Level
a - Magic Dart            Conj           40%        1d5       7%          1
b - Slow                  Hex            8%         N/A       19%         1
c - Call Imp              Summ           20%        N/A       11%         2
d - Blink                 Tloc           12%        N/A       17%         2

Your spell library contained the following spells:

 Spells                   Type           Power      Damage    Failure   Level
 Cigotuvi's Dreadful Rot  Necr/Pois/Air  4%         N/A       26%         2
 Mephitic Cloud           Conj/Pois/Air  5%         N/A       36%         3


Dungeon Overview and Level Annotations

Branches:
Dungeon (3/15)

Altars:

Annotations:
D:1 passwall
D:2 1 runed translucent door, Crazy Yiuf
D:3 Ijyb


Message History

Your cerulean imp hits Ijyb but does no damage.
Casting: Slow (safe; 19% risk of failure)
Confirm with . or Enter, or press ? or * to list all spells.
Aiming: Slow (safe; 19% risk of failure)
Press: ? - help, Shift-Dir - straight line, f/p - Ijyb
Aim: Ijyb, wielding a +0 dagger, wearing a +0 leather armour and carrying a wand of mindburst (19) (lightly wounded, ally target, chance to affect: 44%) Ijyb resists with some effort.
Your cerulean imp hits Ijyb but does no damage.
Ijyb misses you.
Your magical contamination has completely faded away.
You hit Ijyb.
Ijyb is moderately wounded.
Ijyb hits you but does no damage.
Your cerulean imp hits Ijyb but does no damage.
You hit Ijyb but do no damage.
Ijyb is moderately wounded.
Ijyb hits you with a +0 dagger.
Your cerulean imp hits Ijyb but does no damage.
You closely miss Ijyb.
Ijyb is moderately wounded.
Your cerulean imp misses Ijyb.
Ijyb hits you with a +0 dagger.
You barely miss Ijyb.
Ijyb is moderately wounded.
Ijyb hits you but does no damage.
Your cerulean imp completely misses Ijyb.
Aiming: Magic Dart (safe; 7% risk of failure)
Press: ? - help, Q - select action, (/) - cycle Shift-Dir - straight line, f/p - Ijyb
Aim: Ijyb, wielding a +0 dagger, wearing a +0 leather armour and carrying a wand of mindburst (19) (moderately wounded, ally target, 100% to hit)
The magic dart hits Ijyb but does no damage.
Ijyb is moderately wounded.
Your cerulean imp closely misses Ijyb.
Ijyb misses you.
You closely miss Ijyb. Your punch misses Ijyb.
Ijyb is moderately wounded.
Your cerulean imp hits Ijyb with a -3 spear.
Ijyb misses you.
You closely miss Ijyb.
Ijyb is moderately wounded.
Ijyb zaps a wand.
Your mind is blasted!
Ouch! That really hurt!
You die...

# # ##.###.
##.##.5.....
#...@g..#
.>....##.#.#
..### ...
####


You could see Ijyb (ally target) and a friendly cerulean imp (summoned).

Vanquished Creatures
  3 adders (D:2)
  A worm (D:2)
  A dart slug (D:1)
  6 endoplasms
  3 giant cockroaches
  5 goblins
  4 hobgoblins
  A kobold (D:1)
  2 quokkas (D:1)
  3 ball pythons
  5 bats
  3 frilled lizards
  A rat (D:1)
38 creatures vanquished.

Vanquished Creatures (collateral kills)
  An adder (D:2)
  An endoplasm (D:1)
  A hobgoblin (D:1)
  2 kobolds (D:1)
5 creatures vanquished.

Grand Total: 43 creatures vanquished

Notes
Turn   | Place    | Note
-------+----------+-------------------------------------------
     0 | D:1      | raph the Human Hedge Wizard began the quest for the Orb.
     0 | D:1      | Reached XP level 1. HP: 13/13 MP: 4/4
     2 | D:1      | Learned a level 1 spell: Slow
    28 | D:1      | Found a faded altar of an unknown god.
   203 | D:1      | Reached XP level 2. HP: 19/19 MP: 0/6
   288 | D:1      | Learned a level 2 spell: Call Imp
   707 | D:1      | Reached XP level 3. HP: 24/24 MP: 5/7
  1100 | D:2      | Learned a level 2 spell: Blink
  1506 | D:2      | Reached XP level 4. HP: 21/30 MP: 5/8
  1863 | D:2      | Found a runed translucent door.
  1864 | D:2      | Noticed Crazy Yiuf
  2433 | D:3      | Noticed Ijyb
  2448 | D:3      | Blown up by Ijyb

Illustrated notes

Levels and vault maps discovered:
D:1:      dpeg_arrival_ternary, layout_rooms, serial_glass, glass_columns_b,
          glass_columns_b, feat_on_display, due_unseen_surprise,
          minmay_strange_pillars, item_on_display_a,
          hellmonk_ecumenical_altar_blasted
D:2:      layout_loops_cross, minmay_misc_feat_encased, uniq_crazy_yiuf_cottage
D:3:      layout_loops_cross, nicolae_half_adder, uniq_robin, uniq_ijyb

Skill      XL: |  1  2  3  4 |
---------------+-------------+-----
Conjurations   | 2 |  2.4
Summonings     | 2 |  2.3
Dodging        | |  2.4
Stealth        | |  2.2
Spellcasting   | |  3.3
Translocations | |  1.1

Action                     |  1- 3 |  4- 6 || total
---------------------------+-------+-------++-------
  Melee: Dagger            |     6 |       ||     6
         Whip              |    41 |    26 ||    67
   Cast: Magic Dart        |    52 |    18 ||    70
         Call Imp          |     7 |     4 ||    11
         Slow              |     3 |     6 ||     9
    Use: Scroll            |     6 |     1 ||     7
   Stab: Distracted        |     1 |       ||     1
         Sleeping          |     1 |       ||     1
 Armour: Robe              |     9 |     6 ||    15
  Dodge: Dodged            |    37 |    20 ||    57
